 Dungeon Crawl Stone Soup version 0.30-b1-2-g02819fbbbe (webtiles) character file.

Game seed: 5653391748860631867

3176 Mesmaeker13 the Conjurer (level 9, -7/57 (66) HPs)
             Began as an Armataur Hedge Wizard on May 29, 2023.
             Was a Believer of Cheibriados.
             Hit by a large rock thrown by a cyclops (35 damage)
             ... on level 8 of the Dungeon.
             The game lasted 00:30:58 (8594 turns).

Mesmaeker13 the Conjurer (Armataur Hedge Wizard)    Turns: 8594, Time: 00:30:58

HP:   -7/57 (66)    AC: 12    Str: 19    XL:     9   Next: 63%
MP:   16/16         EV:  9    Int: 23    God:    Cheibriados [**....]
Gold: 266           SH:  5    Dex: 14    Spells: 11/18 levels left

rFire   x . .        n - +3 morningstar
rCold   + . .        y - +0 buckler
rNeg    . . .        G - +0 steam dragon scales
rPois   .            c - +0 hat
rElec   .            (no cloak)
rCorr   .            f - +1 pair of gloves
SInv    .            (no barding)
Will    .....        (no amulet)
Stlth   ++           u - ring of ice
HPRegen 0.29/turn    s - +4 ring of protection
MPRegen 0.15/turn

%: roll
@: heavily drained, very slow
A: large, rugged brown scales 3, deformed body, armoured tail, roll, long
tongue, awkward tongue
a: Renounce Religion, Bend Time


You were on level 8 of the Dungeon.
You worshipped Cheibriados.
Cheibriados was pleased with you.
You visited 2 branches of the dungeon, and saw 9 of its levels.
You also visited: Bailey.

You collected 266 gold pieces.

Inventory:

Hand Weapons
 g - a +1 whip of freezing
 h - a +0 whip of electrocution
 n - a +3 morningstar (weapon)
 q - a +2 halberd of electrocution
 D - a +1 spear of venom
Missiles
 j - 8 poisoned darts (quivered)
 l - 86 stones
 x - 5 silver boomerangs
Armour
 c - a +0 hat (worn)
 f - a +1 pair of gloves (worn)
 y - a +0 buckler (worn)
 G - +0 steam dragon scales (worn)
Jewellery
 i - a ring of fire
 s - a +4 ring of protection (right hand)
 u - a ring of ice (left hand)
Wands
 b - a wand of mindburst (14)
 C - a wand of quicksilver (5)
 J - a wand of paralysis (11)
Scrolls
 e - a scroll of vulnerability
 k - 2 scrolls of noise
 t - 3 scrolls of amnesia
 v - a scroll of torment
Potions
 a - 4 potions of haste
 d - 2 potions of magic
 m - 4 potions of mutation {unknown}
 p - 2 potions of invisibility {unknown}
 r - 4 potions of heal wounds
 w - 2 potions of attraction
 z - 2 potions of cancellation {unknown}
 A - 2 potions of flight
 B - 2 potions of brilliance {unknown}
 E - a potion of experience {unknown}


   Skills:
 - Level 3.1 Armour
 - Level 1.3 Dodging
 - Level 3.5 Stealth
 + Level 6.1 Shields
 - Level 5.0 Spellcasting
 + Level 6.2 Conjurations
 - Level 0.6 Hexes
 - Level 0.7 Summonings
 - Level 1.0 Translocations
 + Level 4.0 Air Magic
 + Level 5.7 Poison Magic


You had 11 spell levels left.
You knew the following spells:

 Your Spells              Type           Power      Damage    Failure   Level
a - Magic Dart            Conj           100%       1d8       1%          1
b - Slow                  Hex            32%        N/A       9%          1
c - Mephitic Cloud        Conj/Pois/Air  30%        N/A       3%          3
d - Cigotuvi's Dreadful   Necr/Pois/Air  40%        N/A       4%          2

Your spell library contained the following spells:

 Spells                   Type           Power      Damage    Failure   Level
 Poisonous Vapours        Pois/Air       56%        N/A       2%          2
 Swiftness                Air            24%        N/A       7%          3
 Blink                    Tloc           20%        N/A       12%         2
 Call Imp                 Summ           18%        N/A       13%         2
 Ensorcelled Hibernation  Hex/Ice        20%        N/A       16%         2
 Passwall                 Tmut/Erth      4%         N/A       17%         2
 Freezing Cloud           Conj/Ice/Air   16%        6-21      61%         5
 Alistair's Intoxication  Tmut/Pois      12%        N/A       69%         5
 Borgnjor's Vile Clutch   Necr/Erth      2%         N/A       97%         5
 Eringya's Noxious Bog    Tmut/Pois      9%         N/A       99%         6


Dungeon Overview and Level Annotations

Branches:
Dungeon (8/15)             Temple (1/1) D:7          Bailey (visited)
   Lair: D:8-11

Altars:
Ashenzari
Cheibriados
Elyvilon
Fedhas
Okawaru
Qazlal
Trog
Vehumet
Wu Jian
Zin
The Shining One

Shops:
D:5 =

Annotations:
D:7 3 runed translucent doors, Shym's ghost, novice SpAr


Innate Abilities, Weirdness & Mutations

You are completely covered in rugged brown scales. (AC +3, +7% HP)
Armour fits poorly on your strangely shaped body.
You have a long armoured tail.
You roll when moving toward enemies. (Rampage)
Your long tongue fully drains potion bottles. (2x potion effects)
Your tongue gives you trouble enunciating. (1.5x scroll delay)


Message History

Aim: an ice beast (lightly wounded, 100% to hit)
The magic dart hits the ice beast but does no damage.
The ice beast is lightly wounded.
Casting: Magic Dart (safe; 1% risk of failure)
Confirm with . or Enter, or press ? or * to list all spells.
Aiming: Magic Dart (safe; 1% risk of failure)
Press: ? - help, Shift-Dir - straight line, f/p - ice beast
Aim: an ice beast (lightly wounded, 100% to hit)
The magic dart hits the ice beast.
The ice beast is moderately wounded.
Casting: Magic Dart (safe; 1% risk of failure)
Confirm with . or Enter, or press ? or * to list all spells.
Aiming: Magic Dart (safe; 1% risk of failure)
Press: ? - help, Shift-Dir - straight line, f/p - ice beast
Aim: an ice beast (moderately wounded, 100% to hit)
The magic dart hits the ice beast but does no damage.
The ice beast is moderately wounded.
You roll towards the ice beast!
You sock the ice beast!
The ice beast is severely wounded.
The ice beast hits you but does no damage.
The ice beast hits you. The ice beast freezes you. You resist.
Unknown command.
You closely miss the ice beast.
The ice beast is severely wounded.
The ice beast hits you but does no damage.
You sock the ice beast!
You kill the ice beast!
Cheibriados appreciates the change of pace.
Your Air Magic skill increases to level 4!
There is a stone staircase leading up here.
You start resting.
Magic restored.
Okay, then.
The cyclops throws a large rock.
The large rock hits you!
Okay, then.
Okay, then.
The cyclops throws a large rock.
The large rock hits you!!
The cyclops throws a large rock.
The large rock hits you!!
Ouch! That really hurt!
You die...

......)#*
#...#
#..##
*,,,,
......##
###.##
#.## *****
......#
#..#####C#
* .######
##....##.#
* ##
##.......#
#.......##
#.......#
#.......#
##..@..##
#.......#
#.......#
#...<...#
##.....##
##...##
#####


You could see a cyclops.

Vanquished Creatures
  A centaur warrior (D:8)
  3 steam dragons (D:7)
  A water moccasin (D:5)
  A black bear (D:7)
  An orc warrior (Bailey)
  An ice beast (D:8)
  2 ogres (D:6)
  2 centaurs
  A kobold brigand (D:5)
  Blork the orc (D:4)
  A bullfrog (D:4)
  2 gnoll sergeants
  3 scorpions
  2 wights (D:7)
  3 jellies
  3 orc priests
  2 hounds
  A gnoll bouda (D:5)
  2 iguanas (D:5)
  5 orc wizards
  25 gnolls
  6 adders
  2 white imps (D:7)
  2 worms
  2 dart slugs
  29 orcs
  5 bats
  9 endoplasms
  3 giant cockroaches
  6 hobgoblins
  5 jackals
  3 quokkas
  3 ball pythons
  2 frilled lizards
  12 goblins
  12 kobolds
  4 rats
168 creatures vanquished.

Vanquished Creatures (others)
  2 plants (D:5)
2 creatures vanquished.

Grand Total: 170 creatures vanquished

Notes
Turn   | Place    | Note
-------+----------+-------------------------------------------
     0 | D:1      | Mesmaeker13 the Armataur Hedge Wizard began the quest for
                  | the Orb.
     0 | D:1      | Reached XP level 1. HP: 14/14 MP: 4/4
    21 | D:1      | Reached skill level 1 in Conjurations
   115 | D:1      | Reached XP level 2. HP: 21/21 MP: 1/5
   666 | D:1      | Reached XP level 3. HP: 13/27 MP: 0/7
  1355 | D:2      | Learned a level 1 spell: Slow
  1687 | D:2      | Reached XP level 4. HP: 32/35 MP: 2/8
  2351 | D:3      | Found an ornate altar of the Wu Jian Council.
  2444 | D:3      | Found a faded altar of an unknown god.
  2457 | D:3      | Learned a level 3 spell: Mephitic Cloud
  2850 | D:3      | Found a white marble altar of Elyvilon.
  3185 | D:4      | Noticed a bullfrog
  3347 | D:4      | Reached XP level 5. HP: 36/40 MP: 6/10
  3354 | D:4      | Reached skill level 1 in Armour
  3488 | D:4      | Reached skill level 1 in Poison Magic
  3596 | D:4      | Noticed Blork the orc
  3628 | D:4      | Killed Blork the orc
  3629 | D:4      | Reached XP level 6. HP: 21/48 MP: 2/11
  4087 | D:4      | Found a bloodstained altar of Trog.
  4088 | D:4      | Found a stormy altar of Qazlal.
  4444 | D:5      | Entered Level 5 of the Dungeon
  4717 | D:5      | Reached XP level 7. HP: 53/53 MP: 5/13
  4813 | D:5      | Found Qampuzxa's Jewellery Shop.
  4909 | D:5      | Reached skill level 1 in Shields
  5471 | D:6      | Noticed a two-headed ogre
  5509 | D:6      | Found a radiant altar of Vehumet.
  5850 | D:5      | Reached XP level 8. HP: 22/60 MP: 12/15
  6285 | D:5      | Reached skill level 5 in Spellcasting
  6638 | D:7      | Reached skill level 1 in Air Magic
  6653 | D:7      | Found an iron altar of Okawaru.
  6699 | D:7      | Found a runed translucent gate.
  6699 | D:7      | Found a runed translucent gate.
  6701 | D:7      | Found a runed translucent gate.
  6703 | D:7      | Identified the +0 plate armour "Damnable Contraption"
                  | {rPois Dex-2 Stlth+}
  6708 | D:7      | Noticed Shym's ghost (novice SpAr)
  6774 | D:7      | Found a staircase to the Ecumenical Temple.
  6784 | Temple   | Entered the Ecumenical Temple
  6855 | Temple   | Became a worshipper of Cheibriados the Contemplative
  6910 | D:7      | Found a flagged portal.
  6919 | Bailey   | Entered a bailey
  6934 | Bailey   | Learned a level 2 spell: Cigotuvi's Dreadful Rot
  7172 | Bailey   | Reached skill level 5 in Conjurations
  7253 | Bailey   | Reached * piety under Cheibriados
  7445 | D:7      | Found a broken altar of Ashenzari.
  7654 | D:7      | Reached XP level 9. HP: 66/66 MP: 11/16
  7864 | D:7      | Reached skill level 5 in Shields
  8115 | D:8      | Reached skill level 5 in Poison Magic
  8121 | D:8      | Found a glowing golden altar of the Shining One.
  8128 | D:8      | Noticed a centaur warrior
  8136 | D:8      | Killed a centaur warrior
  8140 | D:8      | Reached ** piety under Cheibriados
  8141 | D:8      | Noticed a cyclops
  8594 | D:8      | Hit by a large rock thrown by a cyclops

Illustrated notes

Levels and vault maps discovered:
D:1:      lemuel_arrival_lava_pool, layout_basic
D:2:      layout_loops_cross
D:3:      layout_basic, lemuel_coloured_pillars_altar,
          nicolae_wu_jian_wuxing_cycle, ebering_ecumenical_altar_hall
D:4:      layout_rooms, mainiacjoe_overflow_divided_tiny, uniq_blork_the_orc
D:5:      layout_gridville, serial_shops, nicolae_shop_pleasant_corner_grove,
          minmay_misc_feat_doors, grunt_ministairs_1, serial_bayou_pond_e
D:6:      layout_rooms, grunt_dithmenos_smoke_and_mirrors, lemuel_crystal_altar
D:7:      layout_rooms, mainiacjoe_overflow_surrounded_room, okawaru_gym_becter,
          minmay_temple_entry_sparse_star, enter_bailey_5,
          biasface_ghost_orc_armoury, bh_walls_and_bars
D:8:      layout_rooms, mainiacjoe_overflow_brackets,
          nicolae_transmutations_shop, minmay_manual_mail
Temple:   grunt_temple_mini_profane

Skill      XL: |  1  2  3  4  5  6  7  8  9 |
---------------+----------------------------+-----
Conjurations   | 1 2 3 4 5 6 |  6.2
Spellcasting   | 3 4 5 |  5.0
Stealth        | 3 |  3.5
Armour         | 2 3 |  3.1
Poison Magic   | 1 2 3 4 5 |  5.7
Shields        | 2 4 6 |  6.1
Air Magic      | 2 4 |  4.0
Dodging        | |  1.3
Hexes          | |  0.6
Summonings     | |  0.7
Translocations | |  1.0

Action                     |  1- 3 |  4- 6 |  7- 9 || total
---------------------------+-------+-------+-------++-------
  Melee: Dagger            |    16 |       |       ||    16
         Tailslap          |     8 |     8 |    30 ||    46
         Whip              |    28 |       |    18 ||    46
         Spear             |    15 |     7 |   211 ||   233
         Hand axe          |       |    39 |       ||    39
         Flail             |       |    20 |     9 ||    29
         Punch             |       |       |     2 ||     2
         Morningstar       |       |       |     3 ||     3
  Throw: Dart              |       |    26 |    40 ||    66
         Throwing net      |       |     1 |     1 ||     2
         Stone             |       |       |     2 ||     2
   Cast: Magic Dart        |    77 |   139 |    96 ||   312
         Slow              |       |     4 |     9 ||    13
         Mephitic Cloud    |       |     4 |    21 ||    25
  Evoke: Wand              |       |       |     7 ||     7
    Use: Scroll            |     3 |     4 |     6 ||    13
         Potion            |     1 |       |     5 ||     6
   Stab: Confused          |       |       |     8 ||     8
         Sleeping          |       |       |     7 ||     7
 Armour: Robe              |    26 |    33 |    27 ||    86
         Skin              |       |       |    19 ||    19
         Steam dragon scal |       |       |    50 ||    50
  Dodge: Dodged            |    34 |    38 |   112 ||   184
  Block: Buckler           |       |       |    57 ||    57
